 Dungeon Crawl Stone Soup version 0.25-a0-545-ge4db218 (webtiles) character file.

Game seed: 10519930963898285382, levelgen mode: deterministic

80808 southernslant the Spry (level 15, -2/122 HPs)
             Began as a Merfolk Gladiator on Feb 14, 2020.
             Was a High Priest of Fedhas.
             Killed from afar by a guardian golem (29 damage)
             ... with an exploding inner flame
             ... summoned by the player character
             ... hexed by INVALID YOU_FAULTLESS
             ... on level 2 of the Orcish Mines on Feb 20, 2020.
             The game lasted 03:04:27 (23190 turns).

southernslant the Spry (Merfolk Gladiator)         Turns: 23190, Time: 03:04:28

Health: -2/122     AC: 16    Str: 20    XL:     15   Next: 68%
Magic:  20/34      EV: 23    Int:  9    God:    Fedhas [*****.]
Gold:   2343       SH:  6    Dex: 17    Spells: 19/28 levels left

rFire    . . .     SeeInvis .   X - +5 trident (vorpal)
rCold    . . .     Gourm    .   B - +0 buckler
rNeg     . . .     Faith    .   P - +4 acid dragon scales
rPois    .         Spirit   .   G - +2 hat
rElec    .         Reflect  .   p - scarf {cloud immunity}
rCorr    +         Harm     .   (no gloves)
MR       +....                  A - +1 pair of boots
Stlth    ++........             (no amulet)
HPRegen  0.30/turn              k - ring of magical power
MPRegen  0.24/turn              a - +2 ring of strength

@: very slightly contaminated, lightly drained
A: change form in water, swift swim, stealthy swim
a: Wall of Briars, Grow Ballistomycete, Overgrow, Grow Oklob, Renounce Religion


You were on level 2 of the Orcish Mines.
You worshipped Fedhas.
Fedhas was extremely pleased with you.
You were not hungry.

You visited 5 branches of the dungeon, and saw 25 of its levels.

You collected 2343 gold pieces.

Inventory:

Hand Weapons
 v - a +2 glaive of protection
 D - a +0 battleaxe
 X - a +5 vorpal trident (weapon)
 Z - a +2 halberd of distortion
Missiles
 C - 7 boomerangs
 J - 35 poisoned darts
 Y - a throwing net (quivered)
Armour
 c - a +0 troll leather armour
 p - a scarf of cloud immunity (worn)
 A - a +1 pair of boots (worn)
 B - a +0 buckler (worn)
 G - a +2 hat (worn)
 P - +4 acid dragon scales (worn)
 S - +0 ice dragon scales
Jewellery
 a - a +2 ring of strength (right hand)
 k - a ring of magical power (left hand)
 R - an uncursed amulet of rage
Wands
 d - a wand of paralysis (15)
 r - a wand of disintegration (10)
 w - a wand of flame (33)
 x - a wand of clouds (2)
 F - a wand of polymorph (13)
 I - a wand of digging (6)
 M - a wand of iceblast (21)
 O - a wand of acid (12)
Scrolls
 e - 14 scrolls of remove curse
 g - 7 scrolls of blinking
 h - 2 scrolls of identify
 i - 2 scrolls of teleportation
 o - 8 scrolls of amnesia
 s - 6 scrolls of magic mapping
 t - 2 scrolls of random uselessness {unknown}
 y - a scroll of summoning
 E - a scroll of immolation {unknown}
 H - 4 scrolls of fog
Potions
 l - a potion of resistance {unknown}
 m - 9 potions of flight
 q - 2 potions of degeneration {unknown}
 u - 5 potions of berserk rage
 z - 2 potions of invisibility {unknown}
 K - a potion of magic {unknown}
 N - 2 potions of stabbing
 T - 2 potions of brilliance {unknown}
 U - 2 potions of might
 V - a potion of lignification {unknown}
 W - a potion of mutation {unknown}
Miscellaneous
 b - a phial of floods (inert)
 n - a lightning rod (4/4)
 L - a tremorstone
Comestibles
 f - 34 rations
 j - 4 chunks of flesh


   Skills:
 + Level 12.5(12.4) Fighting
 + Level 13.7(13.6) Polearms
 - Level 6.0(5.9) Throwing
 - Level 7.0(6.8) Armour
 + Level 15.2(15.1) Dodging
 - Level 2.0(1.9) Stealth
 * Level 5.2(5.1) Shields
 + Level 7.0(6.9) Spellcasting
 + Level 4.6(4.4) Hexes
 + Level 7.5(7.3) Summonings
 + Level 11.4(11.3) Invocations
 + Level 4.8(4.7) Evocations


You had 19 spell levels left.
You knew the following spells:

 Your Spells              Type           Power        Failure   Level  Hunger
a - Summon Small Mammal   Summ           ###.         1%          1    None
b - Call Imp              Summ           ###.....     1%          2    ##.....
c - Call Canine Familiar  Summ           ###.....     3%          3    ###....
d - Summon Guardian Gole  Hex/Summ       ##......     6%          3    ###....

Your spell library contained the following spells:

 Spells                   Type           Power        Failure   Level  Hunger
 Cause Fear               Hex            ##........   36%         4    ####...
 Summon Ice Beast         Ice/Summ       #.......     47%         4    ####...
 Summon Lightning Spire   Summ/Air       #.......     47%         4    ####...
 Silence                  Hex/Air        #.........   95%         5    ######.
 Yara's Violent Unravell  Hex/Tmut       #.........   95%         5    ######.
 Deflect Missiles         Chrm/Air       #.........   100%        6    #######
 Discord                  Hex            ##........   100%        8    #######


Dungeon Overview and Level Annotations

Branches:
Dungeon (15/15)            Temple (1/1) D:5            Lair (6/6) D:8
  Swamp (1/4) Lair:4        Snake (0/4) Lair:3        Slime (0/5) Lair:6
    Orc (2/2) D:11            Elf (0/3) Orc:2        Vaults (0/5) D:13
 Depths: D:15

Altars:
Ashenzari
Cheibriados
Dithmenos
Elyvilon
Fedhas
Gozag
Hepliaklqana
Kikubaaqudgha
Makhleb
Nemelex Xobeh
Okawaru
Qazlal
Ru
Sif Muna
Trog
Uskayaw
Vehumet
Wu Jian
Xom
Yredelemnul
Zin
The Shining One
Jiyva

Shops:
Orc:2 %*%

Annotations:
Lair:6 1 runed translucent door
Orc:2 1 runed translucent door


Message History

The bolt of negative energy hits your guardian golem.
Your guardian golem completely resists.
You hear a shout!
You hit the orc priest.
You kill the orc priest!
Fedhas accepts your kill. You block the sixfirhy's attack.
The sixfirhy misses you.
That is presently inert.
The orc warrior hits your guardian golem with a +0 long sword!!
Your guardian golem overheats!
Casting: Call Canine Familiar (safe; 3% risk of failure)
Confirm with . or Enter, or press ? or * to list all spells.
The ice devil barely misses your hound.
The orc warrior hits your guardian golem with a +0 long sword!
Flame seeps out of your guardian golem.
Your guardian golem is engulfed in blazing flames.
Your guardian golem explodes!
The fiery explosion engulfs you!!
You die...
Fedhas appreciates your contribution to the ecosystem.

..##.......##
..#.....#### ##
......##.## #.##
..........#
#∩.∩##
#........##
#.....#
....#.....#
##..#.#(.#
.#.....#.##
##......(..#
..#.[.####
##§§h#.#.#..o##
...[..#
##[@○o4.....4o)##
.....[#
##..#3#o....#
#..## #..#..###
##..##o4..#...
##..## ...#....#
##[.###o4.## ..
##.4##
...##...###.[##
oo.## ##..#
#.......##..##
..## ##..
##.........##
..## ##.
#....#....## .#
## ....#....## .#
#


You could see an orc knight, 2 orc high priests, 2 ice devils, a sixfirhy, an
orc sorcerer, a red devil, an orc warrior and a friendly hound.

Vanquished Creatures
  Gastronok (D:9)
  Snorg (Lair:5)
  A yaktaur captain (D:13)
  An ice dragon (D:11)
  2 centaur warriors
  6 two-headed ogres
  A death knight (D:12)
  4 hydras
  An alligator (Lair:4)
  A tengu warrior (D:12)
  Sonja (D:11)
  2 orc high priests (Orc:2)
  A sixfirhy (Orc:2)
  2 skeletal warriors (D:12)
  A swamp dragon (Lair:6)
  3 unseen horrors
  4 orc knights
  2 ugly things
  2 cyclopes
  A salamander (shapeshifter) (D:13)
  2 manticores
  9 elephants
  Maurice (D:9)
  A guardian serpent (shapeshifter) (D:13)
  A black mamba (Lair:6)
  2 rust devils
  A torpor snail (Lair:6)
  Psyche (D:9)
  2 orange demons (Orc:2)
  3 centaur skeletons
  9 spiny frogs
  A gargoyle (D:12)
  A kobold demonologist (D:14)
  8 komodo dragons
  Maggie (Lair:1)
  2 freezing wraiths (D:12)
  2 yaktaurs (D:13)
  4 rime drakes
  A tengu conjurer (D:10)
  5 trolls
  2 polar bears
  A troll (shapeshifter) (D:13)
  A bog body (Lair:4)
  13 dream sheep (Lair:6)
  14 hippogriffs
  3 blink frogs (Lair:6)
  A shadow (D:13)
  A wyvern (D:13)
  3 basilisks
  38 yaks
  2 steam dragons (Lair:6)
  2 vampire mosquitoes (Lair:4)
  3 acid dragons (Lair:6)
  14 water moccasins
  4 nagas (Lair:3)
  9 porcupines
  An ice beast (D:10)
  23 orc warriors
  A swamp drake (Lair:6)
  A black bear (D:9)
  2 necrophages
  3 sky beasts
  A phantom (D:12)
  8 ogres
  10 wolves
  A boggart (D:15)
  8 crocodiles
  5 centaurs
  A big kobold (D:10)
  8 bullfrogs
  A wyvern skeleton (D:10)
  5 scorpions
  9 killer bees
  A howler monkey (D:4)
  9 wights
  2 electric eels (Lair:3)
  6 crimson imps
  2 bullfrog zombies
  4 quasits
  A centaur zombie (D:10)
  7 hounds
  8 jellies
  20 orc priests
  17 orc wizards
  3 bullfrog skeletons
  5 iguanas
  14 worker ants
  A hound zombie (D:9)
  2 worker ant zombies
  5 gnolls
  11 adders
  4 shadow imps
  An adder zombie (D:10)
  4 adder skeletons
  2 worms (D:3)
  2 dart slugs
  5 leopard geckos
  77 orcs
  4 ball pythons
  7 bats
  5 giant cockroaches
  12 goblins
  14 hobgoblins
  A jackal (D:10)
  11 kobolds
  2 quokkas
  5 frilled lizards
  A giant cockroach zombie (D:5)
  A quokka skeleton (D:4)
  5 rats
  A ballistomycete spore (Lair:6)
  A butterfly (D:5)
577 creatures vanquished.

Vanquished Creatures (collateral kills)
  A fire dragon (Lair:6)
  A two-headed ogre (D:12)
  An orc high priest (Orc:2)
  2 skeletal warriors (D:13)
  An orc sorcerer (Orc:2)
  A black mamba (Lair:6)
  An elephant (Lair:6)
  A dream sheep (Lair:6)
  3 blink frogs (Lair:6)
  4 yaks
  A basilisk (D:14)
  A swamp drake (Lair:6)
  An ice beast (D:12)
  3 orc warriors
  An ogre (Orc:1)
  A boggart (D:15)
  3 crocodiles
  3 bullfrogs
  A wight (D:8)
  A hound (D:11)
  2 orc priests (Orc:2)
  3 orc wizards
  14 orcs
  46 ballistomycete spores
97 creatures vanquished.

Vanquished Creatures (others)
  A skeletal warrior (D:13)
  A gargoyle (D:10)
  A blink frog (Lair:6)
  A wyvern (D:12)
  A water moccasin (D:12)
  3 ballistomycete spores
  4 bushes (Lair:2)
  27 fungi
  52 plants
91 creatures vanquished.

Grand Total: 765 creatures vanquished

Notes
Turn   | Place    | Note
-------+----------+-------------------------------------------
     0 | D:1      | southernslant the Merfolk Gladiator began the quest for the
                  | Orb.
     0 | D:1      | Reached XP level 1. HP: 16/16 MP: 1/1
   136 | D:1      | Reached XP level 2. HP: 21/23 MP: 2/2
   421 | D:1      | Reached XP level 3. HP: 28/28 MP: 3/3
   904 | D:2      | Reached skill level 5 in Dodging
   904 | D:2      | Reached XP level 4. HP: 24/35 MP: 4/4
  1280 | D:3      | Noticed a centaur
  1286 | D:3      | Killed a centaur
  1286 | D:3      | Reached skill level 5 in Polearms
  1286 | D:3      | Reached XP level 5. HP: 34/42 MP: 5/5
  1774 | D:3      | Reached XP level 6. HP: 40/48 MP: 6/6
  1781 | D:3      | Reached skill level 6 in Dodging
  2056 | D:3      | Found a shimmering blue altar of Sif Muna.
  2243 | D:4      | Reached skill level 5 in Fighting
  2243 | D:4      | Reached XP level 7. HP: 19/56 MP: 7/7
  2369 | D:4      | Reached skill level 7 in Dodging
  2640 | D:5      | Entered Level 5 of the Dungeon
  3457 | D:5      | Found a staircase to the Ecumenical Temple.
  3463 | Temple   | Entered the Ecumenical Temple
  3488 | Temple   | Became a worshipper of Fedhas Madash
  3797 | D:5      | Reached skill level 1 in Invocations
  3797 | D:5      | Reached XP level 8. HP: 40/64 MP: 8/8
  3983 | D:6      | Reached skill level 8 in Dodging
  4219 | D:6      | Reached skill level 1 in Armour
  4322 | D:6      | Reached * piety under Fedhas
  5057 | D:7      | Reached skill level 9 in Dodging
  5057 | D:7      | Reached XP level 9. HP: 16/68 MP: 11/11
  5064 | D:7      | Paralysed by an orc for 5 turns
  5298 | D:7      | Learned a level 1 spell: Summon Small Mammal
  5656 | D:8      | Reached skill level 1 in Spellcasting
  5656 | D:8      | Reached skill level 1 in Summonings
  5697 | D:8      | Reached skill level 10 in Fighting
  5697 | D:8      | Reached skill level 12 in Dodging
  5697 | D:8      | Reached XP level 10. HP: 11/83 MP: 15/15
  5699 | D:8      | Reached skill level 13 in Dodging
  5699 | D:8      | Reached XP level 11. HP: 22/93 MP: 17/17
  5720 | D:8      | Reached XP level 12. HP: 25/100 MP: 19/19
  5826 | D:8      | Found a staircase to the Lair.
  5831 | D:8      | Reached ** piety under Fedhas
  6471 | D:9      | Noticed Maurice
  6493 | D:9      | Killed Maurice
  6664 | D:9      | Noticed Psyche
  6675 | D:9      | Killed Psyche
  6746 | Lair:1   | Entered Level 1 of the Lair of Beasts
  6779 | Lair:1   | Noticed Maggie
  6792 | Lair:1   | Killed Maggie
  7143 | Lair:1   | Reached skill level 5 in Throwing
  7307 | Lair:1   | Reached skill level 10 in Invocations
  7311 | Lair:1   | Learned a level 2 spell: Call Imp
  7315 | Lair:1   | You fall into a shaft and drop 1 floor!
  7574 | Lair:2   | Reached *** piety under Fedhas
  7574 | Lair:2   | Reached skill level 1 in Stealth
  7775 | Lair:2   | Reached skill level 1 in Evocations
  8162 | Lair:2   | Reached XP level 13. HP: 86/106 MP: 20/20
  8170 | Lair:2   | Learned a level 3 spell: Call Canine Familiar
  8729 | Lair:3   | Reached skill level 14 in Dodging
  8911 | Lair:3   | Found a staircase to the Snake Pit.
  9281 | Lair:3   | Reached **** piety under Fedhas
  9849 | Lair:4   | Found a staircase to the Swamp.
 10327 | Lair:4   | Reached skill level 5 in Armour
 10351 | Lair:4   | Learned a level 3 spell: Summon Guardian Golem
 10625 | Lair:5   | Reached skill level 5 in Summonings
 10858 | Lair:5   | Reached skill level 5 in Spellcasting
 10998 | Lair:5   | Noticed Snorg
 11024 | Lair:5   | Killed Snorg
 11248 | Lair:6   | Entered Level 6 of the Lair of Beasts
 12738 | Lair:6   | Reached XP level 14. HP: 106/115 MP: 20/22
 12755 | Lair:6   | Reached skill level 1 in Hexes
 13035 | Lair:6   | Found a runed translucent door.
 13035 | Lair:6   | Found a viscous altar of Jiyva.
 13035 | Lair:6   | Noticed an acid blob
 13036 | Lair:6   | Found a staircase to the Slime Pits.
 14076 | Swamp:1  | Entered Level 1 of the Swamp
 14981 | D:9      | Found a glowing silver altar of Zin.
 15163 | D:9      | Found a stormy altar of Qazlal.
 15164 | D:9      | Noticed Gastronok
 15195 | D:9      | Killed Gastronok
 15196 | D:9      | Found a bloodstained altar of Trog.
 15233 | D:9      | Found an ancient bone altar of Kikubaaqudgha.
 15587 | D:9      | Found a shattered altar of Ashenzari.
 15588 | D:9      | Found a hazy altar of Hepliaklqana.
 15676 | D:10     | Entered Level 10 of the Dungeon
 17140 | D:11     | Reached skill level 1 in Shields
 17211 | D:11     | Found a staircase to the Orcish Mines.
 17295 | D:11     | Noticed Sonja
 17405 | D:11     | Killed Sonja
 17674 | D:11     | You fall into a shaft and drop 3 floors!
 17891 | D:15     | Entered Level 15 of the Dungeon
 17918 | D:15     | Upgraded the game from 0.25-a0-503-ge281fa6 to
                  | 0.25-a0-545-ge4db218
 18184 | D:13     | Found a gate to the Vaults.
 18614 | D:13     | Reached XP level 15. HP: 109/122 MP: 25/25
 18945 | D:13     | HP: 4/122 [skeletal warrior/+0 flail (21)]
 19514 | D:12     | Reached skill level 15 in Dodging
 19996 | D:12     | Reached ***** piety under Fedhas
 21539 | Orc:1    | Entered Level 1 of the Orcish Mines
 21661 | Orc:2    | Entered Level 2 of the Orcish Mines
 21937 | Orc:2    | Found Moutto's Food Emporium.
 21992 | Orc:2    | Found a staircase to the Elven Halls.
 22076 | Orc:2    | Found Retref's General Store.
 22079 | Orc:2    | Found Cyzxoejo's Food Emporium.
 22490 | Orc:2    | Found a runed translucent door.
 22591 | Orc:2    | Reached skill level 5 in Shields
 22886 | Orc:1    | HP: 4/122 [rust devil (4)]
 23184 | Orc:2    | Paralysed by an orc sorcerer for 2 turns
 23190 | Orc:2    | Killed from afar by a guardian golem

Levels and vault maps discovered:
D:1:      lightli_arrival_noodles, layout_basic
D:2:      layout_basic
D:3:      minmay_recursive_quarters, layout_loops_ring, lemuel_blue_sif_altar,
          kennysheep_generic_room_5
D:4:      layout_rooms
D:5:      corexii_shantytown, layout_gridville, minmay_temple_entry_butterflies,
          first_ration
D:6:      layout_gridville
D:7:      layout_basic
D:8:      layout_basic, dpeg_oklobed_lair
D:9:      layout_stronghold, gammafunk_temple_overflow_statue, zin_academy,
          gammafunk_temple_overflow_forgotten, uniq_maurice, uniq_gastronok,
          uniq_psyche
D:10:     cheibrodos_ideogram_h, layout_irregular_city
D:11:     dragon1_lemuel, layout_rooms, orc_0_dummy, uniq_sonja
D:12:     layout_big_octagon, grunt_tengu_nest
D:13:     layout_stronghold, david_vaults_2
D:14:     hangedman_cross_stitches, layout_loops_ring, serial_shops,
          nicolae_shop_statue_plus, skrybe_limestone_x
D:15:     grunt_enter_depths_magical_seal, layout_irregular_city,
          minmay_door_square, minivault_27, uniq_rupert
Temple:   eino_wide_crystal_templ
Lair:1:   layout_long_grid, uniq_maggie
Lair:2:   layout_gridlike, serial_forest, infiniplex_forest_split,
          infiniplex_forest_clump_long, infiniplex_forest_lined_ring,
          infiniplex_forest_straight_2, infiniplex_forest_end_3,
          infiniplex_forest_clump_medium, infiniplex_forest_zigzag_2,
          infiniplex_forest_pool
Lair:3:   layout_cave_pods, minmay_snake_entry_guardpost_small,
          grunt_forest_small_clearing_treed, serial_bayou_shore_a
Lair:4:   layout_loops_ring, skrybe_swamp_entry_bodies
Lair:5:   layout_long_grid, serial_forest, infiniplex_forest_clump_curved,
          infiniplex_forest_lined_2, infiniplex_forest_end_1,
          infiniplex_forest_clump_double, infiniplex_forest_straight_1,
          infiniplex_forest_clump_diagonal, infiniplex_forest_zigzag_2,
          uniq_snorg
Lair:6:   guppyfry_lair_end_dragon, layout_concentric_octagons, slime_altar_2,
          st_stairs_5, serial_bayou_pond_d
Swamp:1:  layout_falls_marsh, evilmike_swamp_ruin_house_4,
          grunt_lady_of_the_lake
Orc:1:    layout_caves
Orc:2:    pf_orc_diabolical, layout_diamond_mine, serial_shops,
          nicolae_shop_window_shopping, lightli_church_of_beogh

Skill      XL: |  1  2  3  4  5  6  7  8  9 10 11 12 13 14 15 |
---------------+----------------------------------------------+-----
Fighting       | 3 4 5 6 10 11 12 | 12.5
Dodging        | 5 6 7 9 12 13 14 15 | 15.2
Polearms       | 5 6 8 11 12 13 | 13.7
Throwing       | 3 4 5 6 |  6.0
Invocations    | 1 3 7 8 9 10 11 | 11.4
Armour         | 1 3 4 5 6 7 |  7.0
Spellcasting   | 1 3 4 5 6 7 |  7.0
Summonings     | 1 3 4 5 7 |  7.5
Stealth        | 1 2 |  2.0
Evocations     | 1 3 4 |  4.8
Hexes          | 3 4 |  4.6
Shields        | 2 5 |  5.2

Action                   |  1- 3 |  4- 6 |  7- 9 | 10-12 | 13-15 || total
-------------------------+-------+-------+-------+-------+-------++-------
Melee: Trident           |   121 |   177 |   339 |       |  1382 ||  2019
       Halberd           |       |       |    29 |       |       ||    29
       Glaive            |       |       |    59 |   209 |   251 ||   519
       Tailslap          |       |       |       |     2 |    13 ||    15
Throw: Dart              |       |    28 |    41 |    88 |   132 ||   289
       Throwing net      |       |     5 |     3 |       |     3 ||    11
       Boomerang         |       |       |       |    23 |    55 ||    78
 Cast: Summon Small Mamm |       |       |    11 |       |    12 ||    23
       Call Imp          |       |       |       |       |   114 ||   114
       Summon Guardian G |       |       |       |       |   117 ||   117
       Call Canine Famil |       |       |       |       |    71 ||    71
Invok: Wall of Briars    |       |       |       |     2 |    13 ||    15
       Grow Ballistomyce |       |       |       |     1 |     9 ||    10
       Overgrow          |       |       |       |       |     1 ||     1
Evoke: Wand              |       |       |     1 |     1 |    14 ||    16
       Phial of floods   |       |       |       |       |     1 ||     1
  Use: Scroll            |       |       |     4 |    10 |    26 ||    40
       Potion            |       |       |     2 |     4 |    20 ||    26
 Stab: Sleeping          |     2 |     1 |     2 |     1 |     5 ||    11
       Held in net/web   |       |     2 |       |       |       ||     2
       Distracted        |       |       |     1 |       |     9 ||    10
       Confused          |       |       |       |     1 |     5 ||     6
  Eat: Chunk             |       |     4 |     7 |     8 |    48 ||    67
       Ration            |       |       |     2 |       |     9 ||    11
Armor: Leather armour    |    28 |    27 |    87 |     7 |       ||   149
       Acid dragon scale |       |       |       |    23 |   227 ||   250
       Troll leather arm |       |       |       |       |     5 ||     5
Dodge: Dodged            |    78 |   109 |   327 |   191 |  1105 ||  1810
Block: Buckler           |       |       |       |       |   136 ||   136

Table legend:
 A = Non-vault XP
 B = Vault XP
 C = Vault XP percentage of total XP
 D = Non-vault monster count
 E = Vault monster count
 F = Vault count percentage of total count
                 A         B        C        D         E       F
            +---------+---------+-------+---------+---------+-------
      Total |   69909 |   26281 |  27.3 |     491 |     140 |  22.2
            +---------+---------+-------+---------+---------+-------
        D:1 |      36 |       0 |   0.0 |      18 |       0 |   0.0
        D:2 |      54 |       0 |   0.0 |      16 |       0 |   0.0
        D:3 |     251 |      39 |  13.4 |      21 |      14 |  40.0
        D:4 |     503 |       0 |   0.0 |      26 |       0 |   0.0
        D:5 |     292 |      66 |  18.4 |       8 |      25 |  75.8
        D:6 |     985 |       0 |   0.0 |      22 |       0 |   0.0
        D:7 |     577 |       0 |   0.0 |      17 |       0 |   0.0
        D:8 |    1639 |       0 |   0.0 |      36 |       0 |   0.0
        D:9 |    2073 |    2797 |  57.4 |      27 |       3 |  10.0
       D:10 |    3276 |    3696 |  53.0 |      27 |      20 |  42.6
       D:11 |    4986 |    1761 |  26.1 |      22 |       2 |   8.3
       D:12 |    9024 |     859 |   8.7 |      42 |       1 |   2.3
       D:13 |    7963 |    1681 |  17.4 |      30 |       3 |   9.1
       D:14 |     757 |       0 |   0.0 |       4 |       0 |   0.0
       D:15 |     179 |     108 |  37.6 |       2 |       1 |  33.3
     Lair:1 |    2797 |     379 |  11.9 |      12 |       1 |   7.7
     Lair:2 |    6017 |       0 |   0.0 |      26 |       0 |   0.0
     Lair:3 |    5063 |     643 |  11.3 |      31 |       4 |  11.4
     Lair:4 |    3044 |     185 |   5.7 |      11 |       1 |   8.3
     Lair:5 |    2599 |     825 |  24.1 |      12 |       1 |   7.7
     Lair:6 |   15632 |    4121 |  20.9 |      57 |      16 |  21.9
      Orc:1 |     442 |     463 |  51.2 |       7 |       1 |  12.5
      Orc:2 |    1720 |    8658 |  83.4 |      17 |      47 |  73.4
            +---------+---------+-------+---------+---------+-------
